 Dungeon Crawl Stone Soup version 0.28.0-53-g5a82cb258f (webtiles) character file.

Game seed: 6746707268422838126

245 Sin92 the Chopper (level 5, -2/42 HPs)
             Began as a Demonspawn Berserker on June 7, 2022.
             Was a Believer of Trog.
             Slain by a water moccasin (6 damage)
             ... on level 4 of the Dungeon.
             The game lasted 00:03:31 (4395 turns).

Sin92 the Chopper (Demonspawn Berserker)            Turns: 4395, Time: 00:03:32

Health: -2/42      AC:  7    Str: 20    XL:     5   Next: 83%
Magic:  5/5        EV: 11    Int:  8    God:    Trog [**....]
Gold:   131        SH:  0    Dex: 12    Spells: 4/4 levels left

rFire   . . .      SeeInvis .   a - +0 hand axe
rCold   . . .      Faith    .   (no shield)
rNeg    . . .      Spirit   .   f - +0 ring mail
rPois   .          Reflect  .   k - +1 helmet
rElec   .          Harm     .   (no cloak)
rCorr   .          Rampage  .   (no gloves)
Will    .....                   (no boots)
Stlth   +.........              (no amulet)
HPRegen 0.14/turn               (no ring)
MPRegen 0.09/turn               (no ring)

@: lethally poisoned (-2 -> -5), attractive, hasted, very quick
A: foul stench 1, powered by death 1
a: Renounce Religion, Berserk, Trog's Hand


You were on level 4 of the Dungeon.
You worshipped Trog.
Trog was pleased with you.
You visited 1 branch of the dungeon, and saw 4 of its levels.

You collected 131 gold pieces.

Inventory:

Hand Weapons
 a - a +0 hand axe (weapon)
Armour
 b - a +0 animal skin
 e - a +0 helmet
 f - a +0 ring mail (worn)
 k - a +1 helmet (worn)
Jewellery
 h - a ring of fire
Scrolls
 d - a scroll of identify {unknown}
 i - a scroll of holy word
Potions
 m - a potion of cancellation


   Skills:
 + Level 3.9 Fighting
 * Level 4.3 Axes
 + Level 2.9 Armour
 + Level 2.9 Dodging


You had 4 spell levels left.
You didn't know any spells.
Your spell library was empty.

Dungeon Overview and Level Annotations

Branches:
Dungeon (4/15)
 Temple: D:4-7

Altars:
Hepliaklqana


Innate Abilities, Weirdness & Mutations

You may rarely emit foul miasma when damaged in melee.
You regenerate a little health from kills.


Message History

* * * LOW HITPOINT WARNING * * *
The water moccasin closely misses you.
You feel better.
The hobgoblin hits you but does no damage.
The water moccasin bites you but does no damage.
It was a potion of attraction.
You feel attractive to monsters. The hobgoblin closely misses you.
The water moccasin bites you.
* * * LOW HITPOINT WARNING * * *
You are lethally poisoned!
The water moccasin poisons you!
You hit the water moccasin.
The water moccasin is severely wounded.
You hit the hobgoblin.
You kill the hobgoblin!
Trog accepts your kill.
You feel sick. The water moccasin closely misses you.
Unknown command.
You hit the water moccasin but do no damage.
The water moccasin is severely wounded.
You hit the hound.
You feel sick. The hound completely misses you.
The water moccasin bites you but does no damage.
You closely miss the water moccasin.
The water moccasin is severely wounded.
You hit the hound but do no damage.
You feel sick. The hound bites you.
* * * LOW HITPOINT WARNING * * *
The water moccasin closely misses you.
You hit the water moccasin.
The water moccasin is severely wounded.
You closely miss the hound.
* * * LOW HITPOINT WARNING * * *
You feel sick. The hound bites you but does no damage.
The water moccasin closely misses you.
Unknown command.
You miss the water moccasin.
The water moccasin is severely wounded.
You closely miss the hound.
* * * LOW HITPOINT WARNING * * *
You feel sick. The hound barely misses you. The water moccasin bites you.
You die...

###. #.#. #.. #.#
########.##
#....†<)..####
#....).).....#
#........)####.#
...........@Sg..#
############h..##
........
.....###..
......# ####...#
....# ..#.#


You could see a water moccasin, a hound and a goblin.

Vanquished Creatures
  A water moccasin skeleton (D:3)
  Natasha (thrice) (D:3)
  An orc wizard (D:3)
  2 adders
  11 orcs
  2 ball pythons
  6 endoplasms
  2 giant cockroaches
  7 goblins (D:3)
  5 hobgoblins
  7 jackals (D:1)
  2 quokkas (D:3)
  3 bats
  4 frilled lizards
  8 kobolds
  4 rats (D:1)
68 creatures vanquished.

Notes
Turn   | Place    | Note
-------+----------+-------------------------------------------
     0 | D:1      | Sin92 the Demonspawn Berserker began the quest for the Orb.
     0 | D:1      | Reached XP level 1. HP: 18/18 MP: 1/1
   163 | D:1      | Gained mutation: You may rarely emit foul miasma when
                  | damaged in melee. [demonic ancestry]
   163 | D:1      | Reached XP level 2. HP: 4/24 MP: 2/2
   447 | D:1      | Reached skill level 3 in Axes
   696 | D:1      | Reached ** piety under Trog
  1419 | D:1      | Reached XP level 3. HP: 29/29 MP: 3/3
  1692 | D:2      | Found a faded altar of an unknown god.
  1788 | D:2      | Found a hazy altar of Hepliaklqana.
  2523 | D:3      | Noticed Natasha
  2529 | D:3      | Killed Natasha
  2530 | D:3      | Gained mutation: You regenerate a little health from kills.
                  | [demonic ancestry]
  2530 | D:3      | Reached XP level 4. HP: 27/35 MP: 4/4
  2649 | D:3      | Noticed Natasha
  2654 | D:3      | Killed Natasha
  2664 | D:3      | Noticed Natasha
  2684 | D:3      | Killed Natasha
  3127 | D:3      | Reached skill level 4 in Axes
  3127 | D:3      | Reached XP level 5. HP: 30/42 MP: 5/5
  4374 | D:4      | Noticed a water moccasin
  4388 | D:4      | HP: 2/42 [poisoned by a water moccasin]
  4395 | D:4      | Slain by a water moccasin

Illustrated notes

Levels and vault maps discovered:
D:1:      psy_arrival_radial01, layout_basic
D:2:      layout_loops_corners, ebering_ecumenical_altar_ruins, basic_altar
D:3:      layout_basic, minmay_door_square, uniq_natasha
D:4:      layout_basic, jmf_multi_god_temple

Skill      XL: |  1  2  3  4 |
---------------+-------------+-----
Dodging        | 2 |  2.9
Axes           | 3 4 |  4.3
Armour         | 2 |  2.9
Fighting       | |  3.9

Action                   |  1- 3 |  4- 6 || total
-------------------------+-------+-------++-------
Melee: Hand axe          |   100 |   164 ||   264
       Punch             |     2 |     1 ||     3
Invok: Berserk           |       |     1 ||     1
  Use: Potion            |       |     6 ||     6
       Scroll            |       |     2 ||     2
Armor: Animal skin       |    16 |       ||    16
       Ring mail         |     8 |    77 ||    85
       Skin              |       |     7 ||     7
Dodge: Dodged            |    81 |    99 ||   180
